 Dungeon Crawl Stone Soup version 0.27.0-1-g7a089689b8 (webtiles) character file.

Game seed: 2391220977325193264

3187 robertstho the Conjurer (level 9, -15/64 HPs)
             Began as a Demigod Fire Elementalist on Aug 6, 2021.
             Killed by the air
             ... invoked by Gastronok
              (25 damage)
             ... on level 7 of the Dungeon.
             The game lasted 00:14:28 (9777 turns).

robertstho the Conjurer (Demigod Fire Elementalist) Turns: 9777, Time: 00:14:29

Health: -15/64     AC: 11    Str:  9    XL:     9   Next: 37%
Magic:  22/23      EV: 12    Int: 29    God:
Gold:   426        SH:  0    Dex: 14    Spells: 9/22 levels left

rFire    + . .     SeeInvis .   e - +3 great sword of Ru's Outrage {holy, rPois rF- rN+ Will+}
rCold    . . .     Faith    .   (shield currently unavailable)
rNeg     + . .     Spirit   .   z - +0 steam dragon scales
rPois    +         Reflect  .   o - +0 helmet
rElec    +         Harm     .   j - +2 cloak
rCorr    .         Rampage  .   d - +1 pair of gloves
Will     +....                  (no boots)
Stlth    ++........             y - amulet of regeneration
HPRegen  1.20/turn              v - ring of protection from fire
MPRegen  0.18/turn              (no ring)

@: no status effects
A: high mp 1, forlorn, fire resistance 1, sense surroundings 1, electricity
resistance
a: no special abilities


You were on level 7 of the Dungeon.
You visited 1 branch of the dungeon, and saw 8 of its levels.

You collected 426 gold pieces.

Inventory:

Hand Weapons
 e - the +3 great sword of Ru's Outrage (weapon) {holy, rPois rF- rN+ Will+}
   (You acquired it on level 2 of the Dungeon)

   It has been blessed by the Shining One to cause great damage to the undead
   and demons.
   rF:        It makes you vulnerable to fire.
   rPois:     It protects you from poison.
   rN:        It protects you from negative energy.
   Will:      It increases your willpower.
Missiles
 s - a throwing net
Armour
 d - a +1 pair of gloves (worn)
 j - a +2 cloak (worn)
 k - a +2 robe of cold resistance
 o - a +0 helmet (worn)
 z - +0 steam dragon scales (worn)
Jewellery
 v - a ring of protection from fire (left hand)
 y - an amulet of regeneration (around neck)
Wands
 q - a wand of polymorph (10)
 A - a wand of charming (6)
 C - a wand of flame (32)
Scrolls
 f - 4 scrolls of enchant armour
 h - 2 scrolls of blinking {unknown}
 l - a scroll of immolation {unknown}
 m - 3 scrolls of teleportation
 r - 3 scrolls of identify
 t - a scroll of vulnerability {unknown}
 u - 2 scrolls of magic mapping {unknown}
 x - a scroll of amnesia
 D - a scroll of acquirement
Potions
 a - 5 potions of curing {unknown}
 b - a potion of attraction {unknown}
 c - a potion of invisibility {unknown}
 g - 2 potions of flight
 i - a potion of degeneration {unknown}
 n - a potion of magic {unknown}
 p - 2 potions of haste {unknown}
 w - a potion of brilliance
 B - a potion of heal wounds {unknown}


   Skills:
 + Level 1.0 Fighting
 + Level 1.4 Long Blades
 + Level 2.5 Dodging
 + Level 2.5 Stealth
 * Level 7.0 Spellcasting
 * Level 7.1 Conjurations
 * Level 6.7 Fire Magic


You had 9 spell levels left.
You knew the following spells:

 Your Spells              Type           Power      Damage    Failure   Level
a - Foxfire               Conj/Fire      100%       2x1d9     1%          1
b - Conjure Flame         Conj/Fire      50%        6-21      1%          3
c - Sticky Flame          Conj/Fire      50%        2d7       3%          4
d - Fireball              Conj/Fire      25%        3d11      9%          5

Your spell library contained the following spells:

 Spells                   Type           Power      Damage    Failure   Level
 Inner Flame              Hex/Fire       29%        N/A       3%          3
 Beastly Appendage        Tmut           20%        N/A       4%          1
 Sting                    Tmut/Pois      40%        1d5       4%          1
 Poisonous Vapours        Pois/Air       20%        N/A       8%          2
 Wereblood                Tmut           10%        N/A       8%          2
 Fulminant Prism          Conj/Hex       15%        3d11      12%         4
 Iskenderun's Mystic Bla  Conj/Tloc      31%        2d8       12%         4
 Gell's Gravitas          Tloc           5%         N/A       16%         3
 Spider Form              Tmut/Pois      5%         N/A       16%         3
 Teleport Other           Tloc           10%        N/A       16%         3
 Olgreb's Toxic Radiance  Pois           10%        N/A       45%         4
 Lee's Rapid Deconstruct  Erth           5%         3d7*      80%         5
 Dispersal                Tloc           5%         N/A       100%        6


Dungeon Overview and Level Annotations

Branches:
Dungeon (8/15)             Temple (0/1) D:4
   Lair: D:8-11

Shops:
D:1 (   D:4 *

Annotations:
D:1 162 axe
D:4 3 runed translucent doors, mumross's ghost, amateur HOFi
D:5 3 runed translucent doors, freelancePsychic's ghost, novice DjFi
D:7 Gastronok


Innate Abilities, Weirdness & Mutations

Your attributes grow dramatically as you level up.
You have an increased reservoir of magic. (+10% MP)
You shall have no god before yourself.
Your flesh is heat resistant. (rF+)
You passively map a small area around you.
You are resistant to electric shocks. (rElec)


Message History

Gastronok is heavily wounded.
Gastronok burns!
The bat completely misses you.
You slash Gastronok!
Gastronok is severely wounded.
Gastronok burns! x2; The bat closely misses you.
Gastronok looks at you and mumbles some strange words.
You resist with significant effort. The shadow imp barely misses you.
You hit Gastronok.
Gastronok is severely wounded.
Gastronok burns! x2; The bat hits you but does no damage.
A gnoll comes into view. It is wielding a +0 spear.
The gnoll sergeant hits you from afar with a +0 spear.
The shadow imp hits you but does no damage.
The bat barely misses you.
Gastronok waves his eye-stalks in wide circles.
The air twists around and strikes you!!
The gnoll sergeant hits you from afar with a +0 spear!
* * * LOW HITPOINT WARNING * * *
The shadow imp closely misses you.
Gastronok burns!
The bat hits you but does no damage. The gnoll sergeant closely misses you.
The shadow imp gestures at you. Pain shoots through your body!
* * * LOW HITPOINT WARNING * * *
Gastronok bites you!
* * * LOW HITPOINT WARNING * * *
You climb upwards.
The bat disappears in a puff of smoke!
There is a stone staircase leading down here.
Gastronok burns!
Gastronok burns!
Gastronok casts a spell.
Gastronok burns!
The quokka twitches its whiskers.
As you read the scroll labelled MUICWO SOGAOHE, it crumbles to dust.
It is a scroll of identify.
m - 3 scrolls of teleportation Gastronok burns!
The shadow imp barely misses you.
Gastronok waves his eye-stalks in wide circles.
The air twists around and strikes you!!
You die...

# #.# ♣.♣.♣♣♣♣.♣.♣#†########.#
## #.# ♣.♣......♣.♣#......†...#
#
##.##♣.♣♣♣♣♣♣♣♣.♣#.#############
#...'...........♣#.# #...
#...#♣♣♣♣♣♣♣♣♣♣.♣########## #.##
#...###########'###.......# #.##
##...............r..w......#
#.##
..........##.....5.r.......#
#...
.............#..@##........#
#.#.
...<......####...##........#
#...
##....###.####...##........#
#... #.........................#
#... #...###########.###########
#.#. #...# #.#.......### #...
##)########## #.#.#####...# ####
#.###......# #.#.........### #
#.....####.# #.#..##.).....####


You could see Gastronok (swift, burning), a shadow imp and 2 quokkas.

Vanquished Creatures
  A two-headed ogre (D:8)
  A wraith (D:6)
  2 steam dragons
  A water moccasin (D:7)
  2 ice beasts
  A sky beast (D:4)
  2 black bears
  A centaur (D:8)
  2 ogres
  A kobold brigand (D:7)
  A bullfrog (D:6)
  2 scorpions
  A wyvern skeleton (D:7)
  A water moccasin skeleton (D:5)
  2 wights
  4 howler monkeys
  A bullfrog zombie (D:5)
  3 centaur zombies
  A jelly (D:5)
  3 orc priests
  A gnoll shaman (D:8)
  Crazy Yiuf (D:3)
  Jessica (D:3)
  An iguana (D:6)
  2 orc wizards
  Terence (D:3)
  A hound skeleton (D:4)
  Robin (D:3)
  6 adders
  7 gnolls
  A howler monkey skeleton (D:5)
  A shadow imp (D:6)
  3 ufetubi
  3 worms
  A dart slug (D:4)
  11 orcs
  9 ball pythons
  6 endoplasms
  2 giant cockroaches
  18 goblins
  9 hobgoblins
  7 jackals
  A quokka (D:2)
  4 bats
  5 frilled lizards
  7 kobolds
  5 rats
148 creatures vanquished.

Vanquished Creatures (others)
  700 foxfires
700 creatures vanquished.

Grand Total: 848 creatures vanquished

Notes
Turn   | Place    | Note
-------+----------+-------------------------------------------
     0 | D:1      | robertstho the Demigod Fire Elementalist began the quest
                  | for the Orb.
     0 | D:1      | Reached XP level 1. HP: 14/14 MP: 5/5
   174 | D:1      | Reached skill level 1 in Conjurations
   485 | D:1      | Reached XP level 2. HP: 17/20 MP: 1/7
   904 | D:1      | Found Gopuyk's Antique Weapon Boutique.
  1569 | D:2      | Reached XP level 3. HP: 19/26 MP: 3/8
  2747 | D:2      | Learned a level 3 spell: Conjure Flame
  2799 | D:2      | Identified a scroll of acquirement
  2799 | D:2      | Acquired the +3 great sword of Ru's Outrage {holy, rPois
                  | rF- rN+ Will+}
  2852 | D:3      | Noticed Jessica
  2866 | D:3      | Killed Jessica
  2867 | D:3      | Reached XP level 4. HP: 26/33 MP: 3/10
  3101 | D:3      | Noticed Robin
  3111 | D:3      | Gained mutation: You passively map a small area around you.
                  | [potion of mutation]
  3111 | D:3      | Gained mutation: Your flesh is heat resistant. (rF+)
                  | [potion of mutation]
  3111 | D:3      | Gained mutation: You are resistant to electric shocks.
                  | (rElec) [potion of mutation]
  3350 | D:3      | Killed Robin
  3875 | D:3      | Found a runed translucent door.
  3876 | D:3      | Noticed Crazy Yiuf
  3894 | D:3      | Killed Crazy Yiuf
  3895 | D:3      | Reached XP level 5. HP: 30/38 MP: 7/12
  4012 | D:3      | Noticed Terence
  4138 | D:3      | Killed Terence
  4412 | D:4      | Found a staircase to the Ecumenical Temple.
  4561 | D:4      | Found a runed translucent gate.
  4561 | D:4      | Found a runed translucent gate.
  4561 | D:4      | Found a runed translucent gate.
  4562 | D:4      | Noticed mumross's ghost (amateur HOFi)
  4708 | D:4      | Noticed an ogre
  4718 | D:4      | Killed an ogre
  4962 | D:4      | Found Tyigoahe's Serpentskin Sales.
  4967 | D:4      | Reached XP level 6. HP: 46/46 MP: 11/14
  5764 | D:4      | Learned a level 4 spell: Sticky Flame
  5781 | D:5      | Entered Level 5 of the Dungeon
  5955 | D:5      | Reached XP level 7. HP: 51/51 MP: 2/16
  6793 | D:5      | Found a runed translucent gate.
  6794 | D:5      | Found a runed translucent gate.
  6794 | D:5      | Identified the +1 spear "Hemupn" {flame, Str+5 SInv}
  6794 | D:5      | Noticed freelancePsychic's ghost (novice DjFi)
  6795 | D:5      | Found a runed translucent gate.
  7140 | D:6      | Noticed a steam dragon
  7145 | D:6      | Killed a steam dragon
  7146 | D:6      | Reached skill level 5 in Spellcasting
  7245 | D:6      | Reached skill level 5 in Conjurations
  7486 | D:6      | Noticed a wraith
  7500 | D:6      | Killed a wraith
  7501 | D:6      | Reached XP level 8. HP: 38/58 MP: 8/19
  7814 | D:7      | Reached skill level 5 in Fire Magic
  8786 | D:7      | Reached skill level 1 in Long Blades
  9072 | D:8      | Learned a level 5 spell: Fireball
  9193 | D:8      | Noticed a two-headed ogre
  9203 | D:8      | Killed a two-headed ogre
  9204 | D:8      | Reached skill level 1 in Fighting
  9204 | D:8      | Reached XP level 9. HP: 20/64 MP: 7/23
  9762 | D:8      | Noticed Gastronok
  9772 | D:8      | HP: 3/64 [Gastronok (9)]
  9777 | D:7      | Killed from afar by Gastronok

Illustrated notes

Levels and vault maps discovered:
D:1:      onia_arrival_mini_spirals, layout_basic, serial_shops,
          nicolae_shop_stone, wander_ebering_terrifying_dragon_lair
D:2:      layout_basic, dreamdust_ecumenical_altar_angels_and_demons
D:3:      layout_loops_ring, uniq_terence, uniq_robin, uniq_jessica,
          uniq_crazy_yiuf_cottage
D:4:      layout_basic, lemuel_round_altar, minmay_temple_entry_water_ring,
          gammafunk_ghost_necromancy, guppyfry_shop_venom
D:5:      layout_gridville, biasface_ghost_orc_armoury
D:6:      layout_cave_pools
D:7:      layout_loops_cross, kennysheep_small_spiral
D:8:      layout_rooms, uniq_gastronok

Skill      XL: |  1  2  3  4  5  6  7  8  9 |
---------------+----------------------------+-----
Conjurations   | 1 2 3 5 6 7 |  7.1
Fire Magic     | 3 4 6 |  6.7
Spellcasting   | 2 3 4 5 6 7 |  7.0
Stealth        | 2 |  2.5
Dodging        | 2 |  2.5
Long Blades    | 1 |  1.4
Fighting       | 1 |  1.0

Action                   |  1- 3 |  4- 6 |  7- 9 || total
-------------------------+-------+-------+-------++-------
Melee: Dagger            |    22 |       |       ||    22
       Great sword       |       |    15 |    14 ||    29
 Cast: Foxfire           |   108 |   133 |   182 ||   423
       Conjure Flame     |       |     2 |       ||     2
       Sticky Flame      |       |       |     9 ||     9
       Fireball          |       |       |     3 ||     3
  Use: Scroll            |     4 |       |     1 ||     5
       Potion            |       |     4 |       ||     4
 Stab: Sleeping          |     1 |       |       ||     1
Armor: Robe              |    11 |    32 |    21 ||    64
       Steam dragon scal |       |       |     9 ||     9
Dodge: Dodged            |    37 |    47 |    43 ||   127
       Rpst.: Great sword |     1 |    17 |    11 ||    29
